| 
	| TOP OF THE 1ST | 
|---|
 
		| University of Oklahoma Sooners batting - Pitching for Louisiana State University Tigers : RHP Bobby Hanson |  
		| Pitching: RHP Bobby Hanson |  |  
		| Batting: RHB Jesus Montoya | 0-0: Called Strike 0-1: Ball
 1-1: Foul Ball, location: 2F
 1-2:  Fly out, F4  (Line Drive, 4, EV 71.9 MPH)
 |  
		| Batting: LHB Paul Mooris | 0-0:  Fly out, F7  (Flyball, 78M, EV 87.5 MPH) |  
		| Batting: LHB Cameron Marinelli | 0-0: Ground out 3-1 (Groundball, 34, EV 109.4 MPH) |  
		| Top of the 1st over - 0 runs, 0 hits, 0 errors, 0 left on base; University of Oklahoma 0 - Louisiana State University 0 |  
	| BOTTOM OF THE 1ST | 
|---|
 
		| Louisiana State University Tigers batting - Pitching for University of Oklahoma Sooners : RHP Chad Falgout |  
		| Pitching: RHP Chad Falgout |  |  
		| Batting: LHB Elijah Mallandain | 0-0: Called Strike 0-1: Swinging Strike
 0-2: Strikes out swinging
 |  
		| Batting: RHB Winston Vasquez | 0-0: Ball 1-0: SINGLE  (Groundball, 56S, EV 61.2 MPH) (infield hit)
 |  
		| Batting: RHB Stewart Walker | 0-0: Swinging Strike 0-1: Foul Ball, location: 2F
 0-2: Ball
 1-2: Strikes out swinging
 |  
		| Batting: RHB Pete Roberts | 0-0: Called Strike 0-1: Ball
 Winston Vasquez is caught stealing 2nd base 2-4
 |  
		| Bottom of the 1st over - 0 runs, 1 hit, 0 errors, 0 left on base; University of Oklahoma 0 - Louisiana State University 0 |  
	| TOP OF THE 2ND | 
|---|
 
		| University of Oklahoma Sooners batting - Pitching for Louisiana State University Tigers : RHP Bobby Hanson |  
		| Batting: LHB Alex Gutierrez | 0-0: Ball 1-0: Ball
 2-0: Called Strike
 2-1: Called Strike
 2-2: Strikes out swinging
 |  
		| Batting: RHB Ruben Arreola | 0-0: Called Strike 0-1: Ball
 1-1: DOUBLE  (Line Drive, 78XD, EV 105.6 MPH)
 |  
		| Batting: RHB Victor Borras | 0-0: Called Strike 0-1: Foul Ball, location: 2F
 0-2: Ground out 6-3 (Groundball, 6M, EV 83.1 MPH)
 Ruben Arreola to third
 |  
		| Batting: RHB Eric Peterson | 0-0: Called Strike 0-1: Ball
 1-1: Ball
 2-1:  Fly out, F7  (Flyball, 78D, EV 92.5 MPH)
 |  
		| Top of the 2nd over - 0 runs, 1 hit, 0 errors, 1 left on base; University of Oklahoma 0 - Louisiana State University 0 |  
	| BOTTOM OF THE 2ND | 
|---|
 
		| Louisiana State University Tigers batting - Pitching for University of Oklahoma Sooners : RHP Chad Falgout |  
		| Batting: RHB Pete Roberts | 0-0: Ball 1-0: Called Strike
 1-1: Foul Ball, location: 2F
 1-2:  Fly out, F3  (Popup, 3D, EV 76.2 MPH)
 |  
		| Batting: LHB Oscar Rivera | 0-0: Ball 1-0: Ball
 2-0: Foul Ball, location: 2F
 2-1: Ball
 3-1: Base on Balls
 |  
		| Batting: RHB Keith Ashton | 0-0: Ball 1-0:  Fly out, F3  (Line Drive, 34, EV 66.9 MPH)
 Lined into DP, U3 (Line Drive, 34, EV 66.2 MPH)
 |  
		| Bottom of the 2nd over - 0 runs, 0 hits, 0 errors, 0 left on base; University of Oklahoma 0 - Louisiana State University 0 |  
	| TOP OF THE 3RD | 
|---|
 
		| University of Oklahoma Sooners batting - Pitching for Louisiana State University Tigers : RHP Bobby Hanson |  
		| Batting: RHB Sam Mason | 0-0: Foul Ball, location: 2F 0-1: Ball
 1-1: Foul Ball, location: 2F
 1-2: Foul Ball, location: 2F
 1-2: Strikes out swinging
 |  
		| Batting: RHB Ben Gappa | 0-0: Foul Ball, location: 2F 0-1: Ball
 1-1: Ball
 2-1:  Fly out, F7  (Flyball, 7, EV 91.2 MPH)
 |  
		| Batting: RHB Jesus Montoya | 0-0: Ball 1-0: Foul Ball, location: 2F
 1-1: Ball
 2-1: Swinging Strike
 2-2: Foul Ball, location: 2F
 2-2: Strikes out swinging
 |  
		| Top of the 3rd over - 0 runs, 0 hits, 0 errors, 0 left on base; University of Oklahoma 0 - Louisiana State University 0 |  
	| BOTTOM OF THE 3RD | 
|---|
 
		| Louisiana State University Tigers batting - Pitching for University of Oklahoma Sooners : RHP Chad Falgout |  
		| Batting: RHB Leo Roldan | 0-0: Called Strike 0-1: Swinging Strike
 0-2:  Fly out, F7  (Flyball, 7, EV 89.4 MPH)
 |  
		| Batting: LHB Matt Ellington | 0-0:  Fly out, F7  (Flyball, 7, EV 88.8 MPH) |  
		| Batting: RHB D.J. Ganz | 0-0: Called Strike 0-1: Swinging Strike
 0-2: Foul Ball, location: 2F
 0-2: Strikes out swinging
 |  
		| Bottom of the 3rd over - 0 runs, 0 hits, 0 errors, 0 left on base; University of Oklahoma 0 - Louisiana State University 0 |  
	| TOP OF THE 4TH | 
|---|
 
		| University of Oklahoma Sooners batting - Pitching for Louisiana State University Tigers : RHP Bobby Hanson |  
		| Batting: LHB Paul Mooris | 0-0: Called Strike 0-1: Ball
 1-1: Foul Ball, location: 2F
 1-2: Strikes out swinging
 |  
		| Batting: LHB Cameron Marinelli | 0-0: Called Strike 0-1: Swinging Strike
 0-2: Ball
 1-2: Ball
 2-2: Ball
 3-2: Base on Balls
 |  
		| Batting: LHB Alex Gutierrez | 0-0: Ball 1-0: Swinging Strike
 1-1: Ball
 2-1: Ball
 3-1: Called Strike
 3-2: Foul Ball, location: 2F
 3-2: Strikes out swinging
 Cameron Marinelli steals 2nd base
 Batter strikes out.
 |  
		| Batting: RHB Ruben Arreola | 0-0: Ball 1-0: Called Strike
 1-1: Foul Ball, location: 2F
 1-2: Foul Ball, location: 2F
 1-2: Foul Ball, location: 2F
 1-2: Ball
 2-2:  Fly out, F8  (Flyball, 8RXD, EV 88.1 MPH)
 |  
		| Top of the 4th over - 0 runs, 0 hits, 0 errors, 1 left on base; University of Oklahoma 0 - Louisiana State University 0 |  
	| BOTTOM OF THE 4TH | 
|---|
 
		| Louisiana State University Tigers batting - Pitching for University of Oklahoma Sooners : RHP Chad Falgout |  
		| Batting: LHB Elijah Mallandain | 0-0: Ball 1-0: Foul Ball, location: 2F
 1-1: Ball
 2-1: Called Strike
 2-2: Ball
 3-2:  Fly out, F9  (Flyball, 89S, EV 89.4 MPH)
 |  
		| Batting: RHB Winston Vasquez | 0-0: Ground out 6-3 (Groundball, 6, EV 103.1 MPH) |  
		| Batting: RHB Stewart Walker | 0-0: Called Strike 0-1: Foul Ball, location: 2F
 0-2:  SOLO HOME RUN  (Flyball, 7D, EV 108.8 MPH), Distance : 397 ft
 |  
		| Batting: RHB Pete Roberts | 0-0: Ball 1-0: Called Strike
 1-1: SINGLE  (Groundball, 56S, EV 96.9 MPH)
 |  
		| Batting: LHB Oscar Rivera | 0-0: Called Strike 0-1: Swinging Strike
 0-2: Ball
 1-2: Ball
 2-2: Ball
 3-2: SINGLE  (Groundball, 4MS, EV 72.5 MPH) (infield hit)
 Pete Roberts to second
 |  
		| Batting: RHB Keith Ashton | 0-0: Ball 1-0:  Fly out, F3  (Popup, 34S, EV 79.4 MPH)
 |  
		| Bottom of the 4th over - 1 run, 3 hits, 0 errors, 2 left on base; University of Oklahoma 0 - Louisiana State University 1 |  
	| TOP OF THE 5TH | 
|---|
 
		| University of Oklahoma Sooners batting - Pitching for Louisiana State University Tigers : RHP Bobby Hanson |  
		| Batting: RHB Victor Borras | 0-0: Swinging Strike 0-1: Ball
 1-1: Foul Ball, location: 2F
 1-2: Strikes out swinging
 |  
		| Batting: RHB Eric Peterson | 0-0: Called Strike 0-1: Ball
 1-1: Called Strike
 1-2: Foul Ball, location: 2F
 1-2: Strikes out looking
 |  
		| Batting: RHB Sam Mason | 0-0: Ball 1-0: Reached on error, E5 (Groundball, 56S, EV 83.8 MPH)
 |  
		| Batting: RHB Ben Gappa | 0-0: Foul Ball, location: 2F 0-1: Ball
 1-1:  Fly out, F9  (Flyball, 89M, EV 88.1 MPH)
 |  
		| Top of the 5th over - 0 runs, 0 hits, 1 error, 1 left on base; University of Oklahoma 0 - Louisiana State University 1 |  
	| BOTTOM OF THE 5TH | 
|---|
 
		| Louisiana State University Tigers batting - Pitching for University of Oklahoma Sooners : RHP Chad Falgout |  
		| Batting: RHB Leo Roldan | 0-0: Ball 1-0: Ball
 2-0: Called Strike
 2-1: Ball
 3-1: Called Strike
 3-2: Foul Ball, location: 2F
 3-2:  Fly out, F9  (Flyball, 89M, EV 91.2 MPH)
 |  
		| Batting: LHB Matt Ellington | 0-0: Called Strike 0-1: Ball
 1-1: Ball
 2-1: DOUBLE  (Line Drive, 78M, EV 86.9 MPH)
 |  
		| Batting: RHB D.J. Ganz | 0-0: Foul Ball, location: 2F 0-1:  Fly out, F9  (Flyball, 9S, EV 89.4 MPH)
 |  
		| Batting: LHB Elijah Mallandain | 0-0: Ball 1-0: Called Strike
 1-1: Hit by Pitch
 |  
		| Batting: RHB Winston Vasquez | 0-0: Called Strike 0-1: Ball
 Wild Pitch!
 Matt Ellington to third
 Elijah Mallandain to second
 1-1: Called Strike
 1-2: Hit by Pitch
 |  
		| Batting: RHB Stewart Walker | 0-0: Ball 1-0: Ball
 2-0: Ball
 3-0: Base on Balls
 Matt Ellington scores
 Elijah Mallandain to third
 Winston Vasquez to second
 |  
		| Pitching: LHP Billy Bradburn |  |  
		| Batting: RHB Pete Roberts | 0-0: Ball 1-0: Called Strike
 1-1:  Fly out, F2  (Popup, 23F, EV 79.4 MPH)
 |  
		| Bottom of the 5th over - 1 run, 1 hit, 0 errors, 3 left on base; University of Oklahoma 0 - Louisiana State University 2 |  
	| TOP OF THE 6TH | 
|---|
 
		| University of Oklahoma Sooners batting - Pitching for Louisiana State University Tigers : RHP Bobby Hanson |  
		| Batting: RHB Jesus Montoya | 0-0: SINGLE  (Line Drive, 6D, EV 100.6 MPH) |  
		| Pitching: RHP Jeremy Kolb |  |  
		| Batting: LHB Paul Mooris | Pickoff Play to 1st, Runner tries for 2nd, OUT after rundown. 0-0: Swinging Strike
 0-1: Swinging Strike
 0-2: Ball
 1-2: Strikes out looking
 |  
		| Batting: LHB Cameron Marinelli | 0-0: Ball 1-0: Foul Ball, location: 2F
 1-1: Foul Ball, location: 2F
 1-2: Foul Ball, location: 2F
 1-2: Ball
 2-2: Ball
 3-2: Base on Balls
 |  
		| Batting: LHB Alex Gutierrez | 0-0: Called Strike Cameron Marinelli steals 2nd base
 0-1: Swinging Strike
 0-2: Ground out 3-1 (Groundball, 34, EV 81.2 MPH)
 |  
		| Top of the 6th over - 0 runs, 1 hit, 0 errors, 1 left on base; University of Oklahoma 0 - Louisiana State University 2 |  
	| BOTTOM OF THE 6TH | 
|---|
 
		| Louisiana State University Tigers batting - Pitching for University of Oklahoma Sooners : LHP Billy Bradburn |  
		| Batting: LHB Oscar Rivera | 0-0: Ball 1-0: Called Strike
 1-1: Swinging Strike
 1-2:  Fly out, F5  (Popup, 15, EV 91.9 MPH)
 |  
		| Batting: RHB Keith Ashton | 0-0: Ball 1-0: Ground out 4-3 (Groundball, 34, EV 98.8 MPH)
 |  
		| Batting: RHB Leo Roldan | 0-0: Foul Ball, location: 2F 0-1: Ball
 1-1: SINGLE  (Flyball, 89S, EV 94.4 MPH)
 |  
		| Batting: LHB Matt Ellington | 0-0: Called Strike 0-1: Ball
 1-1: Foul Ball, location: 2F
 1-2: Fielders Choice at 2nd, 6-4 (Groundball, 6, EV 90.0 MPH)
 |  
		| Bottom of the 6th over - 0 runs, 1 hit, 0 errors, 1 left on base; University of Oklahoma 0 - Louisiana State University 2 |  
	| TOP OF THE 7TH | 
|---|
 
		| University of Oklahoma Sooners batting - Pitching for Louisiana State University Tigers : RHP Jeremy Kolb |  
		| Pitching: LHP Luis Sandoval |  |  
		| Batting: RHB Ruben Arreola | 0-0: Ball 1-0: Called Strike
 1-1: Foul Ball, location: 2F
 1-2: Strikes out swinging
 |  
		| Batting: RHB Victor Borras | 0-0: Swinging Strike 0-1: Ball
 1-1: Foul Ball, location: 2F
 1-2: Foul Ball, location: 2F
 1-2:  Fly out, F4  (Line Drive, 4, EV 66.2 MPH)
 |  
		| Batting: RHB Eric Peterson | 0-0: Ball 1-0: Ground out 1-3 (Groundball, 13S, EV 75.0 MPH)
 |  
		| Top of the 7th over - 0 runs, 0 hits, 0 errors, 0 left on base; University of Oklahoma 0 - Louisiana State University 2 |  
	| BOTTOM OF THE 7TH | 
|---|
 
		| Louisiana State University Tigers batting - Pitching for University of Oklahoma Sooners : LHP Billy Bradburn |  
		| Batting: RHB D.J. Ganz | 0-0: Ball 1-0: Ball
 2-0: Called Strike
 2-1: Ground out 4-3 (Groundball, 4, EV 91.2 MPH)
 |  
		| Batting: LHB Elijah Mallandain | 0-0: SINGLE  (Groundball, 6M, EV 76.2 MPH) (infield hit) |  
		| Batting: RHB Winston Vasquez | 0-0: Ball 1-0: Called Strike
 Elijah Mallandain is caught stealing 2nd base 2-4
 1-1: Ground out 1-3 (Groundball, 15S, EV 73.8 MPH)
 |  
		| Bottom of the 7th over - 0 runs, 1 hit, 0 errors, 0 left on base; University of Oklahoma 0 - Louisiana State University 2 |  
	| TOP OF THE 8TH | 
|---|
 
		| University of Oklahoma Sooners batting - Pitching for Louisiana State University Tigers : LHP Luis Sandoval |  
		| Batting: RHB Sam Mason | 0-0: Foul Ball, location: 2F 0-1: Ball
 1-1: Called Strike
 1-2: Strikes out swinging
 |  
		| Batting: RHB Ben Gappa | 0-0: Ball 1-0: Called Strike
 1-1: Foul Ball, location: 2F
 1-2:  Fly out, F9  (Flyball, 9, EV 92.5 MPH)
 |  
		| Batting: RHB Jesus Montoya | 0-0: Ball 1-0: Foul Ball, location: 2F
 1-1: Called Strike
 1-2: Ground out 5-3 (Groundball, 56S, EV 83.8 MPH)
 |  
		| Top of the 8th over - 0 runs, 0 hits, 0 errors, 0 left on base; University of Oklahoma 0 - Louisiana State University 2 |  
	| BOTTOM OF THE 8TH | 
|---|
 
		| Louisiana State University Tigers batting - Pitching for University of Oklahoma Sooners : LHP Billy Bradburn |  
		| Pitching: RHP Arjan van den Hurk |  |  
		| Batting: RHB Stewart Walker | 0-0: Ball 1-0: Ball
 2-0: Foul Ball, location: 2F
 2-1: Foul Ball, location: 2F
 2-2:  Fly out, F9  (Flyball, 9, EV 95.0 MPH)
 |  
		| Batting: RHB Pete Roberts | 0-0: Foul Ball, location: 2F 0-1: Foul Ball, location: 2F
 0-2: SINGLE  (Line Drive, 9S, EV 88.8 MPH)
 |  
		| Batting: LHB Oscar Rivera | 0-0: Ball 1-0: Called Strike
 1-1: Foul Ball, location: 2F
 1-2: Ball
 2-2: Foul Ball, location: 2F
 2-2: SINGLE  (Groundball, 56, EV 105.0 MPH)
 Pete Roberts to second
 |  
		| Batting: RHB Keith Ashton | 0-0: Called Strike 0-1: Called Strike
 0-2:  Fly out, F7  (Flyball, 7, EV 95.6 MPH)
 |  
		| Batting: RHB Leo Roldan | 0-0: Ground out U3 (Groundball, 3S, EV 67.5 MPH) |  
		| Bottom of the 8th over - 0 runs, 2 hits, 0 errors, 2 left on base; University of Oklahoma 0 - Louisiana State University 2 |  
	| TOP OF THE 9TH | 
|---|
 
		| University of Oklahoma Sooners batting - Pitching for Louisiana State University Tigers : LHP Luis Sandoval |  
		| Pitching: RHP Michael Koppers |  |  
		| Now in RF: Manny Grado |  |  
		| Batting: LHB Paul Mooris | 0-0: Ball 1-0: Called Strike
 1-1: Swinging Strike
 1-2: Strikes out swinging
 |  
		| Batting: LHB Cameron Marinelli | 0-0: Ball 1-0: Ball
 2-0: Ball
 3-0: Called Strike
 3-1: Called Strike
 3-2: SINGLE  (Groundball, 6D, EV 95.0 MPH)
 |  
		| Batting: LHB Alex Gutierrez | 0-0: Ball 1-0: Called Strike
 1-1: Ball
 2-1:  2-RUN HOME RUN  (Flyball, 9D, EV 104.4 MPH), Distance : 404 ft
 |  
		| Batting: RHB Ruben Arreola | 0-0: Called Strike 0-1: Swinging Strike
 0-2: Strikes out swinging
 |  
		| Pinch Hitting: RHB Jon Chatman | 0-0: Foul Ball, location: 2F 0-1:  Fly out, F9  (Flyball, 9D, EV 91.2 MPH)
 |  
		| Top of the 9th over - 2 runs, 2 hits, 0 errors, 0 left on base; University of Oklahoma 2 - Louisiana State University 2 |  
	| BOTTOM OF THE 9TH | 
|---|
 
		| Louisiana State University Tigers batting - Pitching for University of Oklahoma Sooners : RHP Arjan van den Hurk |  
		| Pitching: LHP Bobby Cimilluca |  |  
		| Now at 1B: Sugiarto Kartosuwiryo |  |  
		| Batting: LHB Matt Ellington | 0-0: Ball 1-0: Foul Ball, location: 2F
 1-1: Swinging Strike
 1-2:  Fly out, F8  (Flyball, 8RD, EV 104.4 MPH)
 |  
		| Batting: RHB D.J. Ganz | 0-0: Foul Ball, location: 2F 0-1: Ball
 1-1: Ball
 2-1: Ground out 5-3 (Groundball, 56, EV 80.6 MPH)
 |  
		| Batting: LHB Elijah Mallandain | 0-0: Ball 1-0: Ball
 2-0: Ball
 3-0: Called Strike
 3-1: Foul Ball, location: 2F
 3-2: Foul Ball, location: 2F
 3-2: Foul Ball, location: 2F
 3-2: Base on Balls
 |  
		| Batting: RHB Winston Vasquez | 0-0: Called Strike 0-1: Ball
 1-1: Ball
 2-1: Fielders Choice at 2nd, 6-4 (Groundball, 6, EV 96.9 MPH)
 |  
		| Bottom of the 9th over - 0 runs, 0 hits, 0 errors, 1 left on base; University of Oklahoma 2 - Louisiana State University 2 |  
	| TOP OF THE 10TH | 
|---|
 
		| University of Oklahoma Sooners batting - Pitching for Louisiana State University Tigers : RHP Michael Koppers |  
		| Batting: RHB Eric Peterson | 0-0:  Fly out, F8  (Flyball, 8LM, EV 96.2 MPH) |  
		| Batting: RHB Sam Mason | 0-0: Foul Ball, location: 2F 0-1: Ball
 1-1: Ball
 2-1: Swinging Strike
 2-2: Ball
 3-2: Foul Ball, location: 2F
 3-2: Ground out 6-3 (Groundball, 6, EV 88.8 MPH)
 |  
		| Batting: RHB Ben Gappa | 0-0: Ball 1-0: DOUBLE  (Groundball, 5D, EV 96.9 MPH)
 |  
		| Pinch Hitting: LHB Alex Benabides | 0-0: Ground out 4-3 (Groundball, 4, EV 83.1 MPH) |  
		| Top of the 10th over - 0 runs, 1 hit, 0 errors, 1 left on base; University of Oklahoma 2 - Louisiana State University 2 |  
	| BOTTOM OF THE 10TH | 
|---|
 
		| Louisiana State University Tigers batting - Pitching for University of Oklahoma Sooners : LHP Bobby Cimilluca |  
		| Pitching: RHP Roger Torrez |  |  
		| Now in CF: Alex Benabides |  |  
		| Batting: RHB Stewart Walker | 0-0: Ball 1-0: Ball
 2-0: Called Strike
 2-1:  Fly out, F3  (Popup, 23F, EV 83.1 MPH)
 |  
		| Batting: RHB Pete Roberts | 0-0: Ball 1-0: Called Strike
 1-1: Ball
 2-1: Swinging Strike
 2-2: Foul Ball, location: 2F
 2-2: SINGLE  (Groundball, 34D, EV 101.9 MPH)
 |  
		| Batting: LHB Oscar Rivera | 0-0: Grounds into double play, 4-6-3 (Groundball, 4, EV 83.1 MPH) |  
		| Bottom of the 10th over - 0 runs, 1 hit, 0 errors, 0 left on base; University of Oklahoma 2 - Louisiana State University 2 |  
	| TOP OF THE 11TH | 
|---|
 
		| University of Oklahoma Sooners batting - Pitching for Louisiana State University Tigers : RHP Michael Koppers |  
		| Batting: LHB Paul Mooris | 0-0: Ball 1-0: Called Strike
 1-1: Called Strike
 1-2: Ball
 2-2: Foul Ball, location: 2F
 2-2: Foul Ball, location: 2F
 2-2: Ground out 6-3 (Groundball, 6, EV 101.9 MPH)
 |  
		| Batting: LHB Cameron Marinelli | 0-0: Ball 1-0: Foul Ball, location: 2F
 1-1: Ball
 2-1: TRIPLE  (Flyball, 89XD, EV 106.9 MPH)
 |  
		| Pitching: RHP Rogelio Rivera |  |  
		| Batting: LHB Alex Gutierrez | 0-0: Ground out 4-3 (Groundball, 4, EV 103.8 MPH) |  
		| Batting: RHB Ruben Arreola | 0-0: Intentional Walk |  
		| Batting: RHB Sugiarto Kartosuwiryo | 0-0: Fielders Choice at 2nd, 6-4 (Groundball, 6, EV 105.6 MPH) |  
		| Top of the 11th over - 0 runs, 1 hit, 0 errors, 2 left on base; University of Oklahoma 2 - Louisiana State University 2 |  
	| BOTTOM OF THE 11TH | 
|---|
 
		| Louisiana State University Tigers batting - Pitching for University of Oklahoma Sooners : RHP Roger Torrez |  
		| Batting: RHB Keith Ashton | 0-0: Swinging Strike 0-1: Foul Ball, location: 2F
 0-2: Strikes out swinging
 |  
		| Batting: LHB Manny Grado | 0-0: Ball 1-0: Ball
 2-0: Called Strike
 2-1: Foul Ball, location: 2F
 2-2: Ball
 3-2: Ground out 6-3 (Groundball, 4MS, EV 90.6 MPH)
 |  
		| Batting: LHB Matt Ellington | 0-0: Ball 1-0: Foul Ball, location: 2F
 1-1: Foul Ball, location: 2F
 1-2: Ball
 2-2: Strikes out swinging
 |  
		| Bottom of the 11th over - 0 runs, 0 hits, 0 errors, 0 left on base; University of Oklahoma 2 - Louisiana State University 2 |  
	| TOP OF THE 12TH | 
|---|
 
		| University of Oklahoma Sooners batting - Pitching for Louisiana State University Tigers : RHP Rogelio Rivera |  
		| Batting: RHB Eric Peterson | 0-0: SINGLE  (Groundball, 56D, EV 95.0 MPH) |  
		| Batting: RHB Sam Mason | 0-0: Ball 1-0: Ball
 2-0: Swinging Strike
 2-1: Foul Ball, location: 2F
 2-2: Ball
 3-2: Foul Ball, location: 2F
 3-2: Base on Balls
 Eric Peterson to second
 |  
		| Batting: RHB Ben Gappa | 0-0: Bunt missed! 0-1: Bunted foul
 0-2: Ball
 1-2: Strikes out swinging
 |  
		| Batting: LHB Alex Benabides | 0-0: DOUBLE  (Flyball, 78D, EV 100.6 MPH) Eric Peterson scores
 Sam Mason to third
 Runner from 3rd tries for Home, SAFE, throw by CF to home
 |  
		| Batting: LHB Paul Mooris | 0-0: Called Strike 0-1: Called Strike
 0-2: Ball
 1-2: Foul Ball, location: 2F
 1-2: Strikes out swinging
 |  
		| Batting: LHB Cameron Marinelli | 0-0: Intentional Walk |  
		| Batting: LHB Alex Gutierrez | 0-0: Called Strike 0-1: Foul Ball, location: 2F
 0-2: Strikes out swinging
 |  
		| Top of the 12th over - 2 runs, 2 hits, 0 errors, 2 left on base; University of Oklahoma 4 - Louisiana State University 2 |  
	| BOTTOM OF THE 12TH | 
|---|
 
		| Louisiana State University Tigers batting - Pitching for University of Oklahoma Sooners : RHP Roger Torrez |  
		| Batting: RHB D.J. Ganz | 0-0: Called Strike 0-1: SINGLE  (Groundball, 34D, EV 107.5 MPH)
 |  
		| Batting: LHB Elijah Mallandain | 0-0: Foul Ball, location: 2F 0-1: Foul Ball, location: 2F
 0-2: Ball
 1-2: Ball
 Wild Pitch!
 D.J. Ganz to second
 2-2: Ball
 3-2:  Fly out, F4  (Popup, 4MD, EV 51.2 MPH)
 |  
		| Pitching: RHP Jose Merced |  |  
		| Batting: RHB Winston Vasquez | 0-0: Ground out 6-3 (Groundball, 6, EV 84.4 MPH) |  
		| Batting: RHB Stewart Walker | 0-0: Foul Ball, location: 2F 0-1: Ball
 1-1:  Fly out, F8  (Flyball, 78D, EV 86.9 MPH)
 |  
		| Bottom of the 12th over - 0 runs, 1 hit, 0 errors, 1 left on base; University of Oklahoma 4 - Louisiana State University 2 |  |